 Dungeon Crawl Stone Soup version 0.17.0-28-g6e173f8 (webtiles) character file.

239 R18 the Ruffian (level 5, 0/45 HPs)
             Began as a Minotaur Monk on Nov 30, 2015.
             Was a Priest of Qazlal.
             Slain by a gnoll (7 damage)
             ... on level 4 of the Dungeon.
             The game lasted 00:04:49 (2831 turns).

R18 the Ruffian (Minotaur Monk)                     Turns: 2831, Time: 00:04:49

Health: 0/45       AC:  2    Str: 18    XL:     5   Next: 79%
Magic:  4/5        EV: 14    Int:  7    God:    Qazlal [***...]
Gold:   152        SH:  4    Dex: 13    Spells: 0 memorised, 4 levels left

rFire  . . .     SeeInvis .       - Unarmed
rCold  . . .     Clarity  .     a - +0 robe
rNeg   + . .     SustAt   .     (no shield)
rPois  .         Gourm    .     (helmet restricted)
rElec  .         Spirit   .     (no cloak)
rCorr  .         Warding  .     (no gloves)
rMut   .         Stasis   .     (no boots)
MR     .....                    (no amulet)
Stlth  +.........               k - ring of positive energy
                                r - +4 ring of strength

@: not resistant to hostile enchantments, very unstealthy
A: retaliatory headbutt, horns 2, talons 1, blink, weak 1
a: Blink, Upheaval, Elemental Force, Renounce Religion


You were on level 4 of the Dungeon.
You worshipped Qazlal.
Qazlal was most pleased with you.
You were not hungry.

You visited 1 branch of the dungeon, and saw 4 of its levels.

You collected 152 gold pieces.

Inventory:

Hand Weapons
 b - a +0 greatsling
Missiles
 e - 39 poisoned needles
 f - 5 tomahawks (quivered)
 n - 38 sling bullets
Armour
 a - a +0 robe (worn)
 s - a +0 large shield
Jewellery
 g - a cursed ring of loudness
 k - a ring of positive energy (right hand)
 r - a +4 ring of strength (left hand)
Scrolls
 c - a scroll of teleportation
 h - a scroll of enchant weapon {unknown}
 p - a scroll of enchant armour {unknown}
Potions
 d - a potion of cancellation
 o - a potion of heal wounds
Comestibles
 i - 3 meat rations
 j - 2 slices of pizza
 m - 5 bread rations
 q - 3 fruits


   Skills:
 - Level 3.6 Fighting
 - Level 1.3 Slings
 + Level 5.0 Dodging
 - Level 1.5 Stealth
 * Level 6.3 Unarmed Combat
 + Level 1.4 Invocations


You had 4 spell levels left.
You didn't know any spells.

Dungeon Overview and Level Annotations

Branches:
Dungeon (4/15)
 Temple: D:4-7

Altars:
Gozag
Makhleb
Qazlal
Trog
Vehumet

Annotations:
D:3 R18's ghost, amateur MiMo


Innate Abilities, Weirdness & Mutations

You reflexively headbutt those who attack you in melee.
You have a pair of horns on your head.
You have sharp toenails.
You can translocate small distances at will.
You are weak. (Str -2)


Message History

* * * LOW HITPOINT WARNING * * *
The gnoll barely misses you.
Unknown command.
You hit the gnoll but do no damage. You claw the gnoll.
Your headbutt misses the gnoll.
The gnoll is almost dead.
The gnoll hits you but does no damage. You block the gnoll's attack.
You punch the gnoll!
You kill the gnoll!
Qazlal accepts your kill.
Your Dodging skill increases to level 5!
You punch the gnoll!
The gnoll is heavily wounded.
The gnoll hits you.
* * * LOW HITPOINT WARNING * * *
Unknown command.
You closely miss the gnoll. You claw the gnoll, but do no damage.
The gnoll is heavily wounded.
The gnoll hits you!
You die...

#......####### #)# .
#.<.........#####.# ...
.....#.#####.....#)##....
....##.#
#######()........
##.###.#
..........##..... ... ...
.####..(...# .... ### ..#
#..(...# ... #...
#.§.§..# .. #.## #..@§..#
. #. .......)g..#
..###..?.....# ##....####
##..## .... .... .....


You could see a gnoll.

Vanquished Creatures
  An orc priest (D:4)
  A worker ant (D:4)
  An iguana (D:4)
  3 gnolls (D:4)
  6 adders
  3 worms
  A giant gecko (D:3)
  11 orcs
  5 hobgoblins
  4 kobolds
  A ball python (D:2)
  5 bats
  3 giant cockroaches
  3 giant newts
  9 goblins
  3 rats
60 creatures vanquished.

Notes
Turn   | Place    | Note
--------------------------------------------------------------
     0 | D:1      | R18 the Minotaur Monk began the quest for the Orb.
     0 | D:1      | Reached XP level 1. HP: 19/19 MP: 0/0
     2 | D:1      | Noticed an electric eel
   182 | D:1      | Reached XP level 2. HP: 24/26 MP: 1/1
   517 | D:2      | Reached skill level 5 in Unarmed Combat
   517 | D:2      | Reached XP level 3. HP: 11/31 MP: 2/2
   842 | D:2      | Found an opulent altar of Gozag.
  1097 | D:2      | Found a burning altar of Makhleb.
  1098 | D:2      | Found a radiant altar of Vehumet.
  1379 | D:3      | Reached XP level 4. HP: 31/39 MP: 3/3
  1387 | D:3      | Noticed R18's ghost (amateur MiMo)
  1677 | D:3      | Found a bloodstained altar of Trog.
  1701 | D:3      | Reached skill level 1 in Slings
  1786 | D:3      | Gained mutation: You have sharp toenails. [potion of mutation]
  1786 | D:3      | Gained mutation: You can translocate small distances at will. [potion of mutation]
  1786 | D:3      | Gained mutation: You are weak. (Str -2) [potion of mutation]
  2130 | D:3      | Found a faded altar to an unknown god.
  2138 | D:3      | Became a worshipper of Qazlal Stormbringer
  2138 | D:3      | Reached * piety under Qazlal
  2138 | D:3      | Reached ** piety under Qazlal
  2412 | D:4      | Reached XP level 5. HP: 35/45 MP: 4/4
  2469 | D:4      | Reached *** piety under Qazlal
  2500 | D:4      | Reached skill level 1 in Invocations
  2667 | D:4      | Reached skill level 6 in Unarmed Combat
  2829 | D:4      | Reached skill level 5 in Dodging
  2831 | D:4      | Slain by a gnoll

Action                   |  1- 3 |  4- 6 || total
-------------------------+-------+-------++-------
Melee: Unarmed           |    73 |    96 ||   169
 Fire: Greatsling        |     2 |       ||     2
  Use: Potion            |     2 |     2 ||     4
       Scroll            |       |     4 ||     4
 Stab: Sleeping          |       |     1 ||     1
  Eat: Chunk             |     1 |     5 ||     6
